 Dungeon Crawl Stone Soup version bcrawl-1.40.3b (webtiles) character file.

Game seed: 2678017258539793343

384704 schneppke the Slinger (level 11, -4/111 HPs)
             Began as a Centaur Martial Artist on Feb 25, 2024.
             Was an Elder of Wu Jian.
             Slain by Jorgrun
             ... wielding a +0 quarterstaff of crushing
              (9 damage)
             ... on level 11 of the Dungeon.
             The game lasted 01:34:02 (8351 turns).

schneppke the Slinger (Centaur Martial Artist)      Turns: 8351, Time: 01:34:03

Health: -4/111     AC: 15    Str: 19    XL:     11   Next: 4%
Magic:  12/12      EV: -1    Int:  9    God:    Wu Jian [****..]
Gold:   373        SH:  0    Dex: 15    Spells: 11/12 levels left

rFire    x . .     GDR:     27% l - +4 hunting sling (curse)
rCold    + . .     SeeInvis .   (no shield)
rNeg     . . .     Gourm    .   w - +0 plate armour
rPois    +         Faith    .   m - +0 helmet
rElec    .         Spirit   .   v - +1 cloak
rCorr    .         Reflect  .   (no gloves)
MR       +....     Rnd*Tele +   x - +0 barding
Stlth    ..........             (no amulet)
HPRegen  0.68/turn              B - ring of protection from magic
MPRegen  0.13/turn              E - ring "Bijic" {Ice Dex+2}

@: grasped by roots, glowing, constricted, heavenly storm, very quick
A: large, hooves 3, deformed body, herbivore, speed 2, poison resistance,
regeneration 1, robust 1, teleportitis 1, tough skin 3
a: Wall Jump, Serpent's Lash, Heavenly Storm, Renounce Religion


You were on level 11 of the Dungeon.
You worshipped Wu Jian.
Wu Jian was greatly pleased with you.
You were not hungry.

You visited 1 branch of the dungeon, and saw 11 of its levels.

You collected 443 gold pieces.
You spent 70 gold pieces at shops.

Inventory:

Hand Weapons
 l - a cursed +4 hunting sling (weapon)
Missiles
 h - 649 stones
 q - 212 poisoned tomahawks
 D - 338 sling bullets (quivered)
Armour
 a - a +0 ring mail
 m - a +0 helmet (worn)
 o - a +0 leather armour
 v - a +1 cloak (worn)
 w - a +0 plate armour (worn)
 x - a +0 barding (worn)
Jewellery
 B - a ring of protection from magic (left hand)
 E - the ring "Bijic" (right hand) {Ice Dex+2}
   (You found it on level 7 of the Dungeon)

   [ring of ice]

   It enhances your ice magic.
   It affects your dexterity (+2).
   It makes you vulnerable to fire.
   It protects you from cold.
 F - an uncursed ring of poison resistance
Wands
 s - a wand of charming (9)
 t - a wand of acid (6)
 u - a wand of flame (22)
 H - a wand of clouds (4)
Scrolls
 c - 3 scrolls of remove curse
 d - a scroll of blinking
 f - 4 scrolls of amnesia
 j - 2 scrolls of enchant armour {unknown}
 n - 2 scrolls of fear {unknown}
 r - 9 scrolls of teleportation
 y - a scroll of vulnerability {unknown}
 I - a scroll of fog {unknown}
 J - a scroll of immolation {unknown}
Potions
 b - a potion of agility
 g - a potion of brilliance {unknown}
 k - a potion of lignification {unknown}
 p - 3 potions of mutation
 z - a potion of might {unknown}
 A - 2 potions of haste
 G - a potion of heal wounds {unknown}
Comestibles
 e - 7 rations {!d}


   Skills:
 - Level 10.5 Fighting
 * Level 14.6 Slings
 - Level 2.1 Dodging
 - Level 0.5 Stealth
 - Level 4.9 Unarmed Combat
 - Level 1.0 Spellcasting
 - Level 0.8 Hexes


You had 11 spell levels left.
You knew the following spells:

 Your Spells              Type           Power        Failure   Level  Hunger
a - Confusing Touch       Hex            #.......     100%        1    None

Your spell library contained the following spells:

 Spells                   Type           Power        Failure   Level  Hunger
 Magic Dart               Conj           #...         100%        1    None
 Blink                    Tloc           N/A          100%        2    ###....
 Call Imp                 Summ           #.....       100%        2    ###....
 Conjure Flame            Conj/Fire      #.......     100%        3    #####..
 Mephitic Cloud           Conj/Pois/Air  #.......     100%        3    #####..
 Spider Form              Tmut/Pois      #..          100%        3    #####..


Dungeon Overview and Level Annotations

Branches:
Dungeon (11/12)            Temple (0/1) D:6            Lair (0/6) D:9
    Orc: D:8-11      Vaults: D:11-12

Altars:
Fedhas
Uskayaw
Vehumet
Wu Jian

Shops:
D:7 =   D:9 *

Annotations:
D:3 Ijyb
D:11 Jorgrun


Innate Abilities, Weirdness & Mutations

You have hooves in place of feet.
Armour fits poorly on your strangely shaped body.
You are a herbivore.
You cover ground very quickly.
You have extremely tough skin. (AC +3)
Your system is resistant to poisons. (rPois)
Your natural rate of healing is unusually fast.
You are robust. (+10% HP)
You are occasionally teleported next to monsters.


Message History

Jorgrun is lightly wounded.
Firing (i - inventory. (/) - cycle)
D - 340 sling bullets (quivered)
Press: ? - help, Shift-Dir - straight line, f/p - Jorgrun
Aim: Jorgrun, wielding a +0 quarterstaff of crushing and wearing a +2 robe of magic resistance (golden dust, lightly wounded, haloed)
You shoot a sling bullet. The sling bullet hits Jorgrun!
Jorgrun is moderately wounded.
You hear a shout!
Jorgrun casts a spell at you. You resist with some effort.
* * * LOW HITPOINT WARNING * * *
The grasping roots constrict you!
Firing (i - inventory. (/) - cycle)
D - 339 sling bullets (quivered)
Press: ? - help, Shift-Dir - straight line, f/p - Jorgrun
Aim: Jorgrun, wielding a +0 quarterstaff of crushing and wearing a +2 robe of magic resistance (golden dust, moderately wounded, haloed)
You shoot a sling bullet. The sling bullet hits Jorgrun!
Jorgrun is moderately wounded.
The earth elemental hits you.
* * * LOW HITPOINT WARNING * * *
Jorgrun hits you with a +0 quarterstaff of crushing!
You die...

≈.## ≈≈..## ≈≈...
≈≈.#
##############≈≈.#
≈≈≈≈≈§§☼☼§≈≈≈≈≈≈.#
≈≈≈≈≈☼☼☼§§≈≈≈≈≈≈.#
.....§☼@☼☼.......#
#####☼g§E###.###.#
#§#### #.# .# #$.
#.# .# #. #.# .#
.. #.# .# ..
######.###.# #..
............#
#######.....#


You could see Jorgrun and an earth elemental.

Vanquished Creatures
  3 death yaks (D:9)
  A wolf spider (D:11)
  A wolf spider zombie (D:6)
  Joseph (D:7)
  A troll (D:7)
  A slime creature (D:9)
  A hippogriff (D:7)
  2 yaks (D:7)
  2 hogs (D:7)
  A human (D:7)
  Menkaure (D:7)
  A hungry ghost (D:9)
  The ghost of tronn the Sneak, an amateur OpAc (D:6)
  An acid dragon (D:8)
  A black bear (D:4)
  A porcupine (D:9)
  4 orc warriors
  A phantom (D:9)
  3 sky beasts
  2 ice beasts
  3 ogres
  4 bullfrogs
  3 centaurs
  A killer bee (D:6)
  5 wights
  A howler monkey (D:5)
  An electric eel (D:11)
  4 orc priests
  5 crimson imps
  A bullfrog zombie (D:6)
  A jelly (D:7)
  4 hounds
  6 orc wizards
  A bullfrog skeleton (D:3)
  4 worker ants (D:5)
  An iguana (D:6)
  A hound zombie (D:4)
  5 hound skeletons
  A worker ant zombie (D:9)
  A howler monkey skeleton (D:9)
  8 adders
  2 shadow imps
  2 oozes
  2 adder zombies
  4 adder skeletons
  4 worms
  3 dart slugs
  2 leopard geckos
  28 orcs
  6 bats
  3 giant cockroaches
  2 goblins
  6 hobgoblins
  4 jackals
  6 kobolds
  7 quokkas
  6 frilled lizards
  A quokka zombie (D:6)
  2 rats
  3 plants (D:1)
184 creatures vanquished.

Notes
Turn   | Place    | Note
-------+----------+-------------------------------------------
     0 | D:1      | schneppke the Centaur Martial Artist began the quest for
                  | the Orb.
     0 | D:1      | Reached XP level 1. HP: 19/19 MP: 2/2
   320 | D:1      | Reached XP level 2. HP: 26/26 MP: 1/3
   775 | D:2      | Reached XP level 3. HP: 28/31 MP: 4/4
   866 | D:2      | Reached ** piety under Wu Jian
  1221 | D:3      | Reached XP level 4. HP: 26/40 MP: 5/5
  1278 | D:3      | Reached skill level 1 in Slings
  1331 | D:3      | Reached skill level 2 in Slings
  1839 | D:3      | Noticed Ijyb
  1888 | D:4      | Reached XP level 5. HP: 20/47 MP: 6/6
  2070 | D:4      | Noticed a black bear
  2082 | D:4      | Killed a black bear
  2083 | D:4      | Reached skill level 4 in Slings
  2127 | D:4      | Reached XP level 6. HP: 36/55 MP: 7/7
  2617 | D:4      | Found a radiant altar of Vehumet.
  2688 | D:4      | Reached skill level 5 in Fighting
  2688 | D:4      | Reached skill level 5 in Slings
  2960 | D:4      | Gained mutation: You have a pair of small horns on your
                  | head. [potion of mutation]
  2960 | D:4      | Gained mutation: Your magical capacity is low. (-10% MP)
                  | [potion of mutation]
  2960 | D:4      | Gained mutation: You are occasionally teleported next to
                  | monsters. [potion of mutation]
  2960 | D:4      | Gained mutation: Your system is resistant to poisons.
                  | (rPois) [potion of mutation]
  2961 | D:4      | Lost mutation: You have a pair of small horns on your head.
                  | [potion of mutation]
  2961 | D:4      | Lost mutation: Your magical capacity is low. (-10% MP)
                  | [potion of mutation]
  2961 | D:4      | Gained mutation: Your natural rate of healing is unusually
                  | fast. [potion of mutation]
  2961 | D:4      | Gained mutation: You are robust. (+10% HP) [potion of
                  | mutation]
  3005 | D:5      | Entered Level 5 of the Dungeon
  3037 | D:5      | Found an ornate altar of the Wu Jian Council.
  3073 | D:5      | Noticed a sky beast
  3240 | D:5      | Noticed an orc warrior
  3392 | D:5      | Killed an orc warrior
  3393 | D:5      | Reached XP level 7. HP: 50/67 MP: 8/8
  3492 | D:5      | Reached skill level 6 in Slings
  3564 | D:5      | Reached *** piety under Wu Jian
  3747 | D:5      | Reached skill level 7 in Slings
  4065 | D:5      | Reached skill level 8 in Slings
  4065 | D:5      | Reached XP level 8. HP: 52/77 MP: 9/9
  5128 | D:6      | Found a staircase to the Ecumenical Temple.
  5169 | D:6      | Reached skill level 9 in Slings
  5309 | D:6      | Reached skill level 10 in Slings
  5381 | D:6      | Found a runed translucent door.
  5383 | D:6      | Noticed tronn's ghost (amateur OpAc)
  5393 | D:6      | Killed tronn's ghost
  5946 | D:6      | Reached XP level 9. HP: 22/86 MP: 10/10
  6001 | D:7      | Found Noobb's Jewellery Emporium.
  6082 | D:7      | Reached skill level 11 in Slings
  6201 | D:7      | Found a blossoming altar of Fedhas.
  6285 | D:7      | Noticed Joseph
  6303 | D:7      | Killed Joseph
  6372 | D:7      | Noticed Menkaure
  6382 | D:7      | Killed Menkaure
  6382 | D:7      | Reached **** piety under Wu Jian
  6409 | D:7      | Noticed a troll
  6427 | D:7      | Killed a troll
  6428 | D:7      | Reached skill level 12 in Slings
  6667 | D:7      | Got a sparkling bronze ring
  6734 | D:7      | Reached skill level 10 in Fighting
  6734 | D:7      | Reached XP level 10. HP: 91/102 MP: 11/11
  6875 | D:8      | Noticed a deep elf mage
  6981 | D:9      | Found a staircase to the Lair.
  6981 | D:9      | Noticed a death yak
  6982 | D:9      | Noticed a death yak
  6982 | D:9      | Noticed a death yak
  6997 | D:9      | Killed a death yak
  7118 | D:9      | Killed a death yak
  7119 | D:9      | Reached skill level 13 in Slings
  7166 | D:9      | Killed a death yak
  7257 | D:9      | Found Nojiutin's Assorted Antiques.
  7267 | D:9      | Bought a scroll of identify for 70 gold pieces
  7272 | D:9      | Reached skill level 14 in Slings
  7353 | D:9      | Found a hide-covered altar of Uskayaw.
  8252 | D:10     | Entered Level 10 of the Dungeon
  8302 | D:11     | Identified the ring "Bijic" {Ice Dex+2} (You found it on
                  | level 7 of the Dungeon)
  8323 | D:11     | Noticed a wolf spider
  8333 | D:11     | Killed a wolf spider
  8334 | D:11     | Reached XP level 11. HP: 73/111 MP: 12/12
  8336 | D:11     | Noticed Jorgrun
  8351 | D:11     | HP: 5/111 [earth elemental[Jorgrun] (5)]
  8351 | D:11     | Slain by Jorgrun

Skill      XL: |  1  2  3  4  5  6  7  8  9 10 |
---------------+-------------------------------+-----
Fighting       | 4 5 6 7 10 | 10.5
Slings         | 2 4 5 8 10 12 14 | 14.6
Dodging        | |  2.1
Stealth        | |  0.5
Unarmed Combat | |  4.9
Spellcasting   | |  1.0
Hexes          | |  0.8

Action                   |  1- 3 |  4- 6 |  7- 9 | 10-12 || total
-------------------------+-------+-------+-------+-------++-------
Melee: Unarmed           |   116 |       |       |       ||   116
       Kick              |    69 |     1 |     4 |     2 ||    76
       Punch             |     4 |     1 |       |       ||     5
       Hunting sling     |   126 |     4 |     9 |     5 ||   144
 Fire: Hunting sling     |    22 |   290 |   419 |   242 ||   973
 Cast: Confusing Touch   |     1 |       |       |       ||     1
Invok: Heavenly Storm    |       |       |       |     3 ||     3
 Abil: Lunge             |     9 |       |       |     1 ||    10
       Whirlwind         |     4 |     1 |     2 |     4 ||    11
       Wall Jump         |       |       |     2 |       ||     2
  Use: Scroll            |     1 |     2 |     6 |     4 ||    13
       Potion            |     1 |     3 |       |     1 ||     5
 Stab: Sleeping          |     1 |       |       |       ||     1
  Eat: Ration            |     2 |     4 |     4 |     3 ||    13
Armor: Robe              |    65 |       |       |       ||    65
       Ring mail         |     7 |    49 |       |       ||    56
       Plate armour      |       |       |   128 |    36 ||   164
Dodge: Dodged            |   101 |    54 |     4 |     9 ||   168
